[Event "4th Batumi Cup 2018"]
[Site "Batumi"]
[Date "2018.07.08"]
[Round "7"]
[White "Bashirov, Teymur"]
[Black "Martynyuk, Elizaveta"]
[Result "1-0"]
[ECO "B20"]
[WhiteElo "2379"]
[BlackElo "2182"]
[Annotator "NA"]
[PlyCount "94"]
[EventDate "2018.07.03"]
[EventType "swiss"]
[EventCountry "GEO"]
[SourceTitle "playchess.com"]
[Source "ChessBase"]
[SourceQuality "1"]
[TimeControl "40/5400+30:1800+30"]

1. e4 c5 2. g3 Nc6 3. Bg2 g6 4. Ne2 Bg7 5. O-O d6 6. c3 Be6 {[%emt 0:04:15] B20: Sicilian: Unusual White 2nd moves} (6... e5 7. Na3 Nge7 8. d4 cxd4 9. cxd4 Nxd4 10. Nxd4 exd4 11. Bf4 O-O 12. Nb5 Qb6 13. Bxd6 Qxb5 14. Bxe7 Re8 {0-1 (26) Zubarev,A (2597)-Vachier Lagrave,M (2699) Le Port Marly 2012}) 7. Nf4 Bc4 $146 ({Predecessor:} 7... Qc8 8. Nxe6 Qxe6 9. f4 Qd7 10. d3 Nf6 11. d4 O-O-O 12. d5 Nb8 13. c4 h5 14. h3 {1-0 (45) Reszka,M-Holusova,T Frydek Mistek 1997}) 8. d3 Ba6 9. a4 e6 10. Na3 Nge7 11. Rb1 b6 12. b4 cxb4 13. cxb4 Bb7 14. b5 Na5 15. Nc4 Nxc4 16. dxc4 O-O 17. Qd3 Qc7 18. Ba3 Rfd8 19. Rfd1 Nc8 20. Rbc1 Rd7 21. a5 Rb8 22. a6 Ba8 23. Rc2 Qd8 24. Bh3 Qf6 $2 (24... Qe8 25. f3 Qe7) 25. Bb2 Qe7 26. e5 Bh6 27. Ba3 Bxf4 28. gxf4 Qh4 29. exd6 Qxf4 (29... Nxd6 $142 30. Bxd6 Rbd8) 30. Rc3 h5 31. Qg3 Qf6 32. Rcd3 Be4 33. R3d2 Bf3 34. Bb2 h4 35. Bxf6 hxg3 36. Re1 gxh2+ $2 (36... Rxd6 {is a better defense.} 37. Ra2 g5) 37. Kxh2 Rxd6 38. Rc2 Rd3 39. Bf1 Rd7 40. Rc3 Bh5 41. Be2 Bxe2 42. Rxe2 Ne7 43. Rh3 Kf8 44. Rh8+ Ng8 45. Re3 Rd2 46. Kg2 Rc8 47. Rxg8+ Kxg8 1-0

[Event "4th Batumi Cup 2018"]
[Site "Batumi"]
[Date "2018.07.08"]
[Round "7"]
[White "Martynov, Roman"]
[Black "Eynullayev, Altay"]
[Result "1-0"]
[ECO "A61"]
[WhiteElo "2366"]
[BlackElo "2134"]
[Annotator "NA"]
[PlyCount "89"]
[EventDate "2018.07.03"]
[EventType "swiss"]
[EventCountry "GEO"]
[SourceTitle "playchess.com"]
[Source "ChessBase"]
[SourceQuality "1"]
[TimeControl "40/5400+30:1800+30"]

1. d4 Nf6 2. Nf3 e6 3. c4 c5 4. d5 exd5 5. cxd5 d6 6. Nc3 g6 7. Bf4 a6 8. a4 Bg7 9. h3 {[%emt 0:00:56] A61: Modern Benoni: Nf3 without early e4} Qe7 10. e3 O-O 11. Be2 Nbd7 12. O-O Ne8 13. Re1 Rb8 $146 {[%emt 0:01:53] LiveBook: 44 Partien} ({Predecessor:} 13... Ne5 14. Nd2 f5 15. Bh2 Rb8 16. Ra3 Bd7 {1-0 (36) Banusz,T (2552)-Cebalo,M (2478) Trieste 2011}) 14. Nd2 Ne5 15. Ra3 Nc7 16. Rb3 Bd7 17. a5 f5 18. Bh2 Kh8 19. f4 Nf7 20. Bc4 Rfe8 21. Bg3 Qd8 22. Qb1 Na8 23. Qa1 Nc7 24. Bd3 Rf8 25. Nf3 Qc8 26. Bc4 Ne8 27. e4 fxe4 28. Nxe4 Nh6 29. Nh4 Qd8 30. Rb6 Nf5 31. Nxf5 Bxf5 32. Ng5 Nf6 33. Ne6 Bxe6 34. Rxe6 Nh5 35. Rexd6 Qe7 (35... Qc7 $11 {keeps the balance.} 36. Qe1 Nxg3 37. Qxg3 Bxb2) 36. Re6 Qf7 37. Bh2 Nxf4 38. Qf1 Rbd8 {[%emt 0:02:33] [#]} 39. Bxf4 ({Better is} 39. Re4 $1 $16 Bd4+ 40. Kh1 Nxd5 41. Qe2) 39... Qxf4 40. Qxf4 Rxf4 41. b3 Bd4+ 42. Kh1 Rf7 43. d6 Bc3 44. Re7 Bxa5 $18 (44... Rxe7 {is tougher.} 45. dxe7 Re8) 45. Rbxb7 1-0

[Event "4th Batumi Cup 2018"]
[Site "Batumi"]
[Date "2018.07.08"]
[Round "7"]
[White "Gvetadze, Sofio"]
[Black "Khalaji, Hanieh"]
[Result "1/2-1/2"]
[ECO "B14"]
[WhiteElo "2316"]
[BlackElo "2146"]
[Annotator "NA"]
[PlyCount "81"]
[EventDate "2018.07.03"]
[EventType "swiss"]
[EventCountry "GEO"]
[SourceTitle "playchess.com"]
[Source "ChessBase"]
[SourceQuality "1"]
[TimeControl "40/5400+30:1800+30"]

1. e4 c6 2. d4 d5 3. exd5 cxd5 4. c4 Nf6 5. Nc3 g6 6. Qb3 Bg7 7. cxd5 O-O 8. Nge2 Na6 9. Nf4 {[%emt 0:00:38] B14: Caro-Kann: Panov-Botvinnik Attack with 5...e6 and 5...g6} (9. g3 b5 10. Bg2 b4 11. Na4 Bb7 12. Nf4 g5 13. Ne2 g4 14. Nf4 Qa5 15. Be3 Rad8 16. Nc5 Nxc5 17. dxc5 {1-0 (32) Kantans,T (2484)-Rodshtein,M (2699) Katowice 2017}) 9... Nc7 10. g3 Rb8 11. Bg2 $146 ({Predecessor:} 11. a4 b6 12. Bg2 Bb7 13. O-O g5 14. Nd3 Nfxd5 15. Bxg5 Bxd4 16. Rad1 Qd6 {1-0 (28) Webb,L (2210)-Lalic,S (2300) Dublin 1991}) 11... b5 12. O-O Bb7 13. Re1 Ba8 14. a3 a5 15. Be3 g5 16. Nd3 h6 17. d6 exd6 18. Bxa8 a4 19. Qd1 Nxa8 (19... Rxa8 $11 {keeps the balance.} 20. Nb4 Qd7) 20. Qf3 Qd7 21. Nb4 Nb6 22. d5 Ng4 23. Nc6 Nc4 24. Bd4 Bxd4 25. Nxd4 Nce5 26. Qd1 Qa7 27. Kg2 $1 Rfc8 28. Re2 Rc4 29. Ndxb5 Qc5 30. h3 Nf6 31. Rd2 Rxb5 32. Nxb5 Qxb5 33. Rc1 Rxc1 34. Qxc1 Ne4 35. Rd4 Nxf2 36. Kxf2 Nd3+ 37. Rxd3 Qxd3 38. Qc6 Qd2+ $15 39. Kg1 Qe1+ 40. Kg2 Qe2+ 41. Kg1 1/2-1/2

[Event "4th Batumi Cup 2018"]
[Site "Batumi"]
[Date "2018.07.08"]
[Round "7"]
[White "Garayev, Kanan"]
[Black "Chkhaidze, Nikoloz"]
[Result "1-0"]
[ECO "D87"]
[WhiteElo "2300"]
[BlackElo "2337"]
[Annotator "NA"]
[PlyCount "77"]
[EventDate "2018.07.03"]
[EventType "swiss"]
[EventCountry "GEO"]
[SourceTitle "playchess.com"]
[Source "ChessBase"]
[SourceQuality "1"]
[TimeControl "40/5400+30:1800+30"]

1. d4 Nf6 2. c4 g6 3. Nc3 d5 4. cxd5 Nxd5 5. e4 Nxc3 6. bxc3 Bg7 7. Bc4 c5 8. Ne2 O-O 9. Be3 Nc6 10. Rc1 Qc7 11. h4 {[%emt 0:01:27] D87: Exchange Grünfeld: Classical Line: Variations without ...cxd4} h5 (11... Rd8 12. h5 b5 13. Bd5 e6 14. Bxc6 Qxc6 15. hxg6 fxg6 16. f3 a5 17. Kf2 Ba6 18. Qg1 b4 {0-1 (45) Fedoseev,V (2664)-Wei,Y (2724) Ningbo 2015}) 12. Qd2 Rd8 13. Bh6 $146 ({Predecessor:} 13. f3 Ne5 14. Bf4 Qb6 15. Bxe5 Bxe5 16. Qg5 cxd4 17. Qxe5 d3 18. Nd4 Qb2 19. O-O {1-0 (19) Ovchinnikov,V (2147)-Shvanov,G (1887) Samara 2014}) 13... Bf6 14. Bg5 Bg7 15. O-O Qa5 16. Qf4 Rf8 17. e5 Kh7 18. Qg3 Bg4 19. f3 Bf5 20. Qf2 Rad8 21. Bb3 Bd3 22. d5 Nxe5 23. Bxe7 c4 24. Bxd8 Rxd8 25. Bc2 Bh6 26. f4 Ng4 27. Qf3 Qc5+ 28. Nd4 Bxf1 29. Rxf1 Rxd5 (29... Bg7 $142 30. f5 Bxd4+ 31. cxd4 Qxd4+ 32. Kh1 Qxd5) 30. f5 Ne5 $2 ({Resist} 30... Be3+ 31. Kh1) (30... Rd7 $19 31. Kh1 Qd6 32. fxg6+ fxg6) 31. fxg6+ fxg6 32. Qxh5 Qe7 $2 (32... Kg7 $19 33. Bxg6 Rxd4 34. cxd4 Qxd4+ 35. Kh2 Nxg6) 33. g3 Kg7 34. Qe2 Qd7 35. h5 Nd3 36. hxg6 Kg8 $2 (36... Re5 37. Qf3 Kg8) 37. Rf7 $18 Qc8 38. Qe7 Ne5 39. Rf8+ 1-0

[Event "4th Batumi Cup 2018"]
[Site "Batumi"]
[Date "2018.07.08"]
[Round "7"]
[White "Mammadova, Narmin"]
[Black "Pogosyan, Stefan"]
[Result "0-1"]
[ECO "E14"]
[WhiteElo "2209"]
[BlackElo "2356"]
[Annotator "NA"]
[PlyCount "98"]
[EventDate "2018.07.03"]
[EventType "swiss"]
[EventCountry "GEO"]
[SourceTitle "playchess.com"]
[Source "ChessBase"]
[SourceQuality "1"]
[TimeControl "40/5400+30:1800+30"]

1. d4 Nf6 2. Nf3 c5 3. e3 e6 4. Bd3 b6 5. O-O Be7 6. c4 Bb7 7. Nc3 cxd4 8. exd4 d6 9. Re1 O-O {[%emt 0:00:14] E14: Queen's Indian: Classical Variation (4 e3)} 10. Qe2 (10. d5 e5 11. a3 Nbd7 12. b4 Re8 13. Bb2 Bf8 14. Nd2 g6 15. Bc2 a6 16. Ba4 Rc8 17. Qf3 {1-0 (47) Bauer,C (2627)-Haria,R (2445) England 2016}) 10... Nbd7 11. Bf4 Re8 12. Rad1 Bf8 $146 ({Predecessor:} 12... Nf8 13. c5 Nd5 14. Nxd5 Bxd5 15. Bb5 bxc5 16. Bxe8 Qxe8 17. dxc5 dxc5 18. Rxd5 {1-0 (39) Musiienko,D (1774)-Matorin,E (2226) Kiev 2010}) 13. Bb1 a6 14. Bg5 Qc7 15. Qd3 Rac8 16. Nd2 g6 17. d5 exd5 18. cxd5 Bg7 19. Nf3 b5 20. a3 Ng4 21. Bf4 (21. Rxe8+ $15 Rxe8 22. Rc1) 21... Qb6 22. Rf1 Nge5 23. Nxe5 Nxe5 24. Qg3 f5 25. Be3 Qc7 26. Bd4 (26. Ba2 $11) 26... Nc4 27. Na2 Bxd4 ({Worse is} 27... Nxb2 28. Bxb2 Bxb2 29. Bxf5 $11) 28. Rxd4 Qg7 29. Rdd1 Nxb2 30. Rde1 Nc4 31. Qd3 f4 32. Nb4 Ne5 33. Qb3 Qf7 34. Be4 f3 35. gxf3 a5 36. Na2 Rc5 37. Rd1 a4 38. Qe3 Bxd5 39. Rxd5 Rxd5 40. Nb4 Rc5 41. Kh1 Nc4 42. Qd3 Ree5 $19 43. Qd4 d5 44. Qxc5 dxe4 45. Qc8+ Kg7 46. f4 Qxf4 47. Qd7+ Kh6 48. Rg1 Qf3+ 49. Rg2 Rg5 0-1

[Event "4th Batumi Cup 2018"]
[Site "Batumi"]
[Date "2018.07.08"]
[Round "7"]
[White "Stepanyan, Eva"]
[Black "Oboladze, Luka"]
[Result "0-1"]
[ECO "B41"]
[WhiteElo "2096"]
[BlackElo "2378"]
[Annotator "NA"]
[PlyCount "132"]
[EventDate "2018.07.03"]
[EventType "swiss"]
[EventCountry "GEO"]
[SourceTitle "playchess.com"]
[Source "ChessBase"]
[SourceQuality "1"]
[TimeControl "40/5400+30:1800+30"]

1. e4 c5 2. Nf3 e6 3. d4 cxd4 4. Nxd4 a6 5. c4 Nf6 6. Nc3 Bb4 7. Qd3 {[%emt 0:00:11] B41: Sizilianisch (Paulsen-Variante)} O-O (7... Qc7 8. Nc2 Bc5 9. Be2 O-O 10. O-O Nc6 11. Kh1 d6 12. f4 Bd7 13. a3 Rad8 14. b4 Ba7 {½-½ (115) Karjakin,S (2782)-Caruana,F (2816) Paris 2018}) 8. e5 Ne8 9. Be2 d6 10. Nf3 $146 ({Vorgänger:} 10. Nc2 Bxc3+ 11. Qxc3 dxe5 12. Qxe5 Nc6 13. Qg3 e5 14. O-O Bf5 {0-1 (60) Hilby,C (2334)-Feuerstack,A (2449) chess.com INT 2017}) 10... Nc6 11. a3 Bxc3+ 12. Qxc3 f6 13. exd6 Nxd6 14. O-O e5 15. Rd1 Qc7 16. c5 Nf5 17. Bc4+ Kh8 18. b4 Qe7 19. Bb2 Be6 20. Qb3 Bxc4 21. Qxc4 Rad8 22. Qe4 Qe6 23. h3 Qb3 24. Rxd8 Rxd8 25. Qxf5 Qxb2 26. Qb1 Qc3 27. Qe1 Qd3 28. Qb1 e4 29. Ne1 Qc3 30. Qc1 Qxc1 31. Rxc1 Rd2 32. Nc2 Rd3 33. Re1 f5 34. Ne3 g6 35. Ra1 Ne5 36. Rd1 Rxd1+ 37. Nxd1 Kg7 38. Kf1 Nc4 39. a4 Kf6 40. Nc3 Ke5 41. Ke2 Kd4 42. Nd1 f4 43. h4 Ne5 44. g3 f3+ 45. Kd2 Nc4+ 46. Ke1 h5 47. Kf1 Ne5 48. Ne3 Nd3 49. g4 hxg4 50. Nxg4 Nxb4 51. Nf6 Nd3 52. Nd7 Ne5 53. Nf6 Kxc5 54. Nxe4+ Kb4 55. Nd6 $19 Kxa4 56. Nxb7 Kb4 57. Ke1 a5 58. Nxa5 Kxa5 59. Kd2 Kb5 60. Ke3 Kc5 61. Ke4 Kd6 62. Kd4 Ke6 63. Ke4 Kf6 64. Kf4 Nd3+ 65. Kxf3 Kf5 66. Kg3 Nf4 0-1

[Event "4th Batumi Cup 2018"]
[Site "Batumi"]
[Date "2018.07.08"]
[Round "7"]
[White "Al Hosani, Omran"]
[Black "Tereladze, Sopiko"]
[Result "1-0"]
[ECO "E05"]
[WhiteElo "2089"]
[BlackElo "2169"]
[Annotator "NA"]
[PlyCount "69"]
[EventDate "2018.07.03"]
[EventType "swiss"]
[EventCountry "GEO"]
[SourceTitle "playchess.com"]
[Source "ChessBase"]
[SourceQuality "1"]
[TimeControl "40/5400+30:1800+30"]

1. Nf3 Nf6 2. g3 d5 3. Bg2 e6 4. O-O Be7 5. c4 O-O 6. d4 dxc4 7. Ne5 c5 8. dxc5 Bxc5 9. Qc2 Nbd7 10. Nxc4 Qe7 11. Nc3 Nb6 12. Ne5 Bd6 13. Nf3 $11 Bd7 14. Rd1 h6 15. e4 e5 16. Nh4 Rac8 17. Qe2 Bc5 18. Nf5 Bxf5 19. exf5 Rfe8 20. g4 e4 21. g5 hxg5 22. Bxg5 Qe5 23. Bxf6 Qxf6 24. Qg4 Re5 25. Nxe4 Qxf5 26. Qxf5 Rxf5 27. Bh3 Re5 28. Bxc8 Rxe4 29. Rd8+ Bf8 30. Bxb7 Re2 31. b3 g6 32. a4 Kg7 33. a5 Bc5 {[%emt 0:00:19] axb6Bxb6 [%clk 0:32:18]} 34. Rd7 Rxf2 35. Kh1 1-0

[Event "4th Batumi Cup 2018"]
[Site "Batumi"]
[Date "2018.07.09"]
[Round "8"]
[White "Pourramezanali, Amirreza"]
[Black "Duzhakov, Ilya"]
[Result "1-0"]
[ECO "A46"]
[WhiteElo "2537"]
[BlackElo "2448"]
[Annotator "ChessBase"]
[PlyCount "51"]
[EventDate "2018.07.03"]
[EventType "swiss"]
[EventCountry "GEO"]
[SourceTitle "playchess.com"]
[Source "ChessBase"]
[SourceQuality "1"]
[TimeControl "40/5400+30:1800+30"]

1. d4 Nf6 2. Nf3 e6 3. e3 c5 4. Bd3 b6 5. e4 d5 6. e5 Nfd7 7. c3 Ba6 8. Bxa6 Nxa6 9. Bg5 Be7 10. Bxe7 Qxe7 11. O-O O-O 12. Na3 Nab8 13. c4 dxc4 14. d5 a6 15. Nxc4 b5 16. Ne3 exd5 17. Qxd5 Nb6 18. Qe4 Ra7 19. Rad1 Re8 20. Nf5 Qe6 21. Rd6 Qc4 22. Qe3 N6d7 23. Qg5 g6 24. Nh6+ Kf8 25. Ng4 Re6 26. b3 1-0

[Event "4th Batumi Cup 2018"]
[Site "Batumi"]
[Date "2018.07.09"]
[Round "8"]
[White "Quparadze, Giga"]
[Black "Jumabayev, Rinat"]
[Result "1/2-1/2"]
[ECO "B20"]
[WhiteElo "2503"]
[BlackElo "2594"]
[Annotator "ChessBase"]
[PlyCount "88"]
[EventDate "2018.07.03"]
[EventType "swiss"]
[EventCountry "GEO"]
[SourceTitle "playchess.com"]
[Source "ChessBase"]
[SourceQuality "1"]
[TimeControl "40/5400+30:1800+30"]

1. e4 c5 2. Ne2 d6 3. g3 d5 4. Bg2 dxe4 5. Nbc3 Nf6 6. Nxe4 Nxe4 7. Bxe4 Nc6 8. O-O Qb6 9. Nc3 e6 10. b3 Be7 11. Bb2 O-O 12. Qh5 f5 13. Bg2 Bd7 14. Rfe1 Be8 15. Qe2 Nd4 16. Qd3 Bf6 17. Rab1 Rd8 18. Ne2 Bb5 19. c4 Bc6 20. Nxd4 Bxd4 21. Qe2 Bxg2 22. Kxg2 Qc6+ 23. Qf3 Qxf3+ 24. Kxf3 Kf7 25. b4 cxb4 26. a3 Bxb2 27. Rxb2 Rd3+ 28. Re3 Rfd8 29. Ke2 R3d4 30. c5 a5 31. Reb3 Re4+ 32. Kd1 Rdd4 33. f3 Re5 34. axb4 axb4 35. Rxb4 Rxb4 36. Rxb4 Rxc5 37. Rxb7+ Kf6 38. f4 Ra5 39. Ke2 Ra3 40. Kf2 h6 41. Rd7 g5 42. Rh7 Kg6 43. Re7 Ra6 44. Rd7 Kf6 1/2-1/2

[Event "4th Batumi Cup 2018"]
[Site "Batumi"]
[Date "2018.07.09"]
[Round "8"]
[White "Sindarov, Javokhir"]
[Black "Maghalashvili, Davit"]
[Result "1/2-1/2"]
[ECO "B88"]
[WhiteElo "2474"]
[BlackElo "2508"]
[Annotator "ChessBase"]
[PlyCount "41"]
[EventDate "2018.07.03"]
[EventType "swiss"]
[EventCountry "GEO"]
[SourceTitle "playchess.com"]
[Source "ChessBase"]
[SourceQuality "1"]
[TimeControl "40/5400+30:1800+30"]

1. e4 c5 2. Nc3 Nc6 3. Nf3 d6 4. d4 cxd4 5. Nxd4 Nf6 6. Bc4 e6 7. Be3 a6 8. a3 Be7 9. O-O O-O 10. Ba2 Nxd4 11. Bxd4 b5 12. f4 Bb7 13. Qd3 Bc6 14. f5 e5 15. Bf2 Rc8 16. Bh4 Ng4 17. Qe2 Bxh4 18. Qxg4 a5 19. Qe2 Qc7 20. g3 Bd8 21. Kg2 1/2-1/2

[Event "4th Batumi Cup 2018"]
[Site "Batumi"]
[Date "2018.07.09"]
[Round "8"]
[White "Oboladze, Luka"]
[Black "Rahul Srivatshav P"]
[Result "1-0"]
[ECO "A15"]
[WhiteElo "2378"]
[BlackElo "2397"]
[Annotator "NA"]
[PlyCount "139"]
[EventDate "2018.07.03"]
[EventType "swiss"]
[EventCountry "GEO"]
[SourceTitle "playchess.com"]
[Source "ChessBase"]
[SourceQuality "1"]
[TimeControl "40/5400+30:1800+30"]

1. Nf3 Nf6 2. c4 g6 3. g3 Bg7 4. Bg2 O-O 5. O-O d6 6. Nc3 Nc6 7. d3 e5 8. b3 h6 9. Bb2 Be6 {[%emt 0:01:48] A15: English Opening: 1...Nf6} 10. e3 (10. d4 exd4 11. Nxd4 Bd7 12. Nd5 Nxd5 13. cxd5 Nxd4 14. Bxd4 Re8 15. e3 a5 16. Rc1 Be5 17. Qd2 {1-0 (48) Bacrot,E (2720)-Al Modiahki,M (2549) Dubai 2014}) 10... Qd7 11. d4 exd4 12. Nxd4 $146 ({Predecessor:} 12. exd4 Bh3 13. d5 Bxg2 14. Kxg2 Ne7 15. Re1 Rfe8 16. Qd3 Nf5 17. Nd4 Nxd4 18. Qxd4 {1-0 (81) Oussedik,M (2242)-Pitterson,J (2221) Istanbul 2012}) 12... Nxd4 13. Qxd4 Ng4 14. Qd2 c6 15. Rad1 Rfd8 16. Ne4 d5 17. Bxg7 Kxg7 18. Qd4+ Kg8 19. Nc5 Qe7 20. Nxe6 Qxe6 21. cxd5 cxd5 22. Bxd5 Qf5 23. h3 Ne5 24. Qf4 Qxf4 25. gxf4 Nc6 26. Bf3 Kg7 27. Rc1 Rd2 28. Rfd1 Rad8 29. Rxd2 Rxd2 30. a3 Rd3 31. Bd1 Na5 32. Rb1 Kf6 33. Kf1 Ke7 34. Ke2 Rd5 35. b4 Nc4 36. Bb3 b5 37. Bxc4 $1 bxc4 38. Rc1 Rd3 39. a4 Ra3 40. a5 Ra2+ 41. Kf3 Rb2 42. Rxc4 Kd7 43. e4 Rb3+ 44. Kg2 Kd6 45. f3 h5 46. Kg3 Rb1 (46... Kd7 {is a better defense.} 47. f5 gxf5 48. exf5 Kd6) 47. e5+ Kd7 48. Rd4+ Ke7 49. f5 gxf5 50. Kf4 Rb3 51. h4 Ke6 52. Rd6+ Ke7 53. Ra6 Rxb4+ 54. Kg5 Rb7 55. Kxh5 Kf8 56. Kg5 Kg7 57. Kxf5 Rc7 58. f4 Rb7 59. h5 Rc7 60. Kg5 Rb7 $18 61. f5 Rc7 62. h6+ Kh7 63. Kf6 Kxh6 64. e6 fxe6 65. fxe6 Kh7 66. e7 Rc8 67. Kf7 Rc4 68. e8=Q Rf4+ 69. Rf6 Rg4 70. Qh8+ 1-0

[Event "4th Batumi Cup 2018"]
[Site "Batumi"]
[Date "2018.07.09"]
[Round "8"]
[White "Mgeladze, Tamaz"]
[Black "Nigmatov, Ortik"]
[Result "1/2-1/2"]
[ECO "A10"]
[WhiteElo "2374"]
[BlackElo "2461"]
[Annotator "RC"]
[PlyCount "230"]
[EventDate "2018.07.03"]
[EventType "swiss"]
[EventCountry "GEO"]
[SourceTitle "playchess.com"]
[Source "ChessBase"]
[SourceQuality "1"]
[TimeControl "40/5400+30:1800+30"]

1. c4 b6 2. Nf3 Bb7 3. g3 Bxf3 4. exf3 c5 5. d4 cxd4 6. Qxd4 Nc6 7. Qd1 e6 8. Nc3 Nf6 9. b3 Bb4 10. Bb2 Qc7 11. Rc1 d5 12. a3 Bxc3+ 13. Bxc3 d4 14. Bb2 O-O 15. Bd3 a5 16. O-O Nd7 17. Be4 e5 18. f4 Nc5 19. Bd5 exf4 20. b4 Ne6 21. b5 Ne5 22. Bxd4 Rad8 23. Ba1 Nc5 24. gxf4 Ned3 25. Rc3 Rxd5 26. cxd5 Nxf4 27. Rg3 f6 28. Re1 Qd6 29. Qg4 g6 30. Rf3 Ncd3 31. Rxd3 Nxd3 32. Qe6+ Qxe6 33. Rxe6 Rd8 34. Rxb6 Rxd5 35. Bxf6 Nf4 36. f3 Kf7 37. Kf2 g5 38. Bc3 Rd3 39. Bxa5 Rxa3 40. Ra6 Ne6 41. b6 Rb3 42. Bd2 Rb2 43. Ke1 Rb3 44. Kd1 Ke7 45. Ra7+ Kd6 46. Rb7 Rxf3 47. Rxh7 Rb3 48. b7 Nc5 49. Be3 Nxb7 50. Bxg5 Ke6 51. Kc2 Rb5 52. h4 Nd6 53. Kd3 Rb3+ 54. Kd4 Rb4+ 55. Ke3 Rb3+ 56. Kf4 Rb4+ 57. Kf3 Kf5 58. Be3 Rb3 59. Rh5+ Kf6 60. Ke2 Rb2+ 61. Kd3 Rb3+ 62. Kd2 Nc4+ 63. Kc2 Rxe3 64. Rc5 Ne5 65. h5 Rh3 66. h6 Rxh6 67. Kc3 Rh4 68. Rc8 Kf5 69. Ra8 Rc4+ 70. Kb3 Rc7 71. Ra4 Nf3 72. Ra8 Ke4 73. Kb4 Nd4 74. Rh8 Nf5 75. Rh1 Rc8 76. Rh2 Nd6 77. Rh4+ Kd5 78. Rh1 Rb8+ 79. Kc3 Ne4+ 80. Kc2 Kd4 81. Rd1+ Kc4 82. Rd7 Rc8 83. Rh7 Kd4+ 84. Kb2 Rc6 85. Rh4 Rc7 86. Kb3 Rb7+ 87. Kc2 Rg7 88. Kb3 Rg6 89. Kc2 Rg3 90. Kb2 Re3 91. Rh8 Kc4 92. Rh4 Re2+ 93. Ka3 Re1 94. Kb2 Re3 95. Rh8 Re2+ 96. Ka3 Nc5 97. Rh4+ Ne4 98. Rh8 Re1 99. Kb2 Re3 100. Rh4 Kb4 101. Kc2 Rc3+ 102. Kb2 Rc4 103. Rg4 Rd4 104. Rg2 Nd6 105. Kc2 Nc4 106. Rh2 Na3+ 107. Kb2 Rd1 108. Rf2 Rd3 109. Rh2 Nc4+ 110. Ka2 Nd2 111. Kb2 Rb3+ 112. Kc2 Nc4 113. Rh8 Rc3+ 114. Kd1 Re3 115. Rb8+ Kc3 1/2-1/2

[Event "4th Batumi Cup 2018"]
[Site "Batumi"]
[Date "2018.07.09"]
[Round "8"]
[White "Lomsadze, Davit"]
[Black "Khalaji, Hanieh"]
[Result "1-0"]
[ECO "A07"]
[WhiteElo "2348"]
[BlackElo "2146"]
[Annotator "NA"]
[PlyCount "53"]
[EventDate "2018.07.03"]
[EventType "swiss"]
[EventCountry "GEO"]
[SourceTitle "playchess.com"]
[Source "ChessBase"]
[SourceQuality "1"]
[TimeControl "40/5400+30:1800+30"]

1. Nf3 d5 2. g3 c6 3. Bg2 Bf5 4. O-O e6 5. d3 h6 6. Nbd2 Nf6 7. Qe1 Be7 8. e4 Bh7 9. Qe2 O-O 10. b3 a5 11. a4 Nbd7 {[%emt 0:04:31] A07: Réti Opening: New York and Capablanca Systems} (11... Na6 12. Bb2 Nb4 13. Rac1 Re8 14. Ne5 Qc7 15. f4 Rad8 16. Kh1 Nd7 17. Nxd7 Rxd7 18. Qg4 Bf8 19. f5 exf5 20. exf5 {½-½ (31) Aleshnia,V (2575)-Nickel,A (2641) ICCF email 2009}) 12. Bb2 {[%emt 0:00:21] LiveBook: 27 Games} b5 13. Nd4 Rc8 14. axb5 $146 ({Predecessor:} 14. e5 Ne8 15. f4 Qb6 16. Kh1 bxa4 17. Rxa4 {0-1 (40) Weyrich,M (2345)-Steffens,O (2305) Germany 1999}) 14... cxb5 15. exd5 Nxd5 16. Rfc1 Bf6 17. Ne4 Qb6 18. Nxf6+ N7xf6 19. Qd2 b4 20. Nf3 Nc3 21. Ne5 a4 22. Nc4 Rxc4 23. bxc4 Qa5 24. Bxc3 bxc3 25. Qe1 a3 26. Ra2 Rb8 27. Rca1 $18 1-0

[Event "4th Batumi Cup 2018"]
[Site "Batumi"]
[Date "2018.07.09"]
[Round "8"]
[White "Chkhaidze, Nikoloz"]
[Black "Gvetadze, Sofio"]
[Result "0-1"]
[ECO "E90"]
[WhiteElo "2337"]
[BlackElo "2316"]
[Annotator "NA"]
[PlyCount "140"]
[EventDate "2018.07.03"]
[EventType "swiss"]
[EventCountry "GEO"]
[SourceTitle "playchess.com"]
[Source "ChessBase"]
[SourceQuality "1"]
[TimeControl "40/5400+30:1800+30"]

1. d4 Nf6 2. c4 c5 3. d5 g6 4. Nc3 Bg7 5. e4 d6 6. Nf3 O-O 7. h3 Na6 8. Bd3 Nc7 9. O-O a6 10. Re1 {[%emt 0:01:04] E90: King's Indian: Classical: Early deviations and 6 h3} (10. Qe2 e5 11. dxe6 Nxe6 12. Be3 Re8 13. Rad1 Bd7 14. Bc2 Qb6 15. b3 Rad8 16. Qd2 Qb4 17. Nd5 Qa3 {½-½ (41) Fodor,T (2493)-Braun,A (2579) Crawley 2016}) 10... Rb8 11. e5 Nfe8 12. Bf4 dxe5 $146 ({Predecessor:} 12... b5 13. Qd2 bxc4 14. Bxc4 Bd7 15. Re2 Rb4 16. b3 Bb5 17. Qd3 Na8 {0-1 (28) Adla,D (2335)-Needleman,A (2280) Argentina 1989}) 13. Bxe5 e6 14. Qe2 f6 15. Bxc7 Nxc7 16. dxe6 Bxe6 17. Rad1 Qe8 18. a4 Qf7 19. Ne4 b6 20. a5 bxa5 21. Nxc5 Bc8 22. b3 f5 23. Ng5 Qf6 24. Qe7 Qxe7 25. Rxe7 Ne8 26. Nce6 Bf6 27. Rxh7 Bxe6 28. Nxe6 Kxh7 29. Nxf8+ Kg7 30. Ne6+ Kf7 31. Nc5 Be7 32. Nd7 Rxb3 33. c5 Rc3 34. c6 $15 Bd6 35. Bxa6 Rxc6 36. Bb5 Rc2 37. Ba4 Rb2 38. g3 Rb4 39. Bc6 a4 40. Re1 Nc7 41. Ne5+ Kg7 42. Nd3 Rd4 43. Nf4 a3 44. Re2 g5 45. Ng2 Rc4 46. Bd7 f4 47. gxf4 gxf4 48. Nh4 Kf6 49. Nf3 Rb4 50. Bc6 Ne6 51. Bd5 Nc5 52. Kg2 Kf5 53. Nh4+ Kg5 54. Nf3+ Kh5 55. Ra2 Ra4 56. Nd2 Nd3 57. Nc4 Bc5 58. Kf3 Kg5 59. Ra1 Nb4 60. Nd2 Nxd5 61. Ne4+ Kf5 62. Nxc5 Rc4 63. Nd3 Rc3 64. Ke2 Ke4 65. Ne1 Nb4 66. Kd2 Rb3 67. f3+ Kd4 68. h4 Rb2+ 69. Kc1 Na2+ 70. Kd1 Kc3 0-1

[Event "4th Batumi Cup 2018"]
[Site "Batumi"]
[Date "2018.07.09"]
[Round "8"]
[White "Sattarov, Bobir"]
[Black "Al Hosani, Omran"]
[Result "1-0"]
[ECO "C23"]
[WhiteElo "2328"]
[BlackElo "2089"]
[Annotator "NA"]
[PlyCount "137"]
[EventDate "2018.07.03"]
[EventType "swiss"]
[EventCountry "GEO"]
[SourceTitle "playchess.com"]
[Source "ChessBase"]
[SourceQuality "1"]
[TimeControl "40/5400+30:1800+30"]

1. e4 e5 2. Qf3 Nc6 3. Bc4 Nf6 4. Ne2 Bc5 {[%emt 0:02:41] C23: Bishop's Opening: 2...Bc5} 5. c3 d6 6. h3 Qe7 $146 ({Predecessor:} 6... a6 7. d3 h6 8. O-O O-O 9. Rd1 Be6 10. Nd2 d5 11. Bb3 Kh8 12. Ng3 {1-0 (19) Sattarov,B (2381)-Zherebtsova,A (2252) Moscow 2018}) 7. d3 Be6 8. Bg5 Bxc4 9. dxc4 Qe6 10. Bxf6 Qxf6 11. Qxf6 gxf6 12. Ng3 h5 13. Nd2 h4 14. Nf5 Ne7 15. g3 Nxf5 16. exf5 Ke7 17. Ne4 a5 18. O-O-O Bb6 19. Rd3 hxg3 20. fxg3 Rag8 21. Rdd1 Rh7 22. Kd2 Rd8 23. Ke2 c6 24. g4 d5 25. cxd5 cxd5 26. Ng3 Bc5 27. a4 Rhh8 28. Rd2 Rd6 29. Nh5 d4 30. Ng3 dxc3 31. bxc3 Rxd2+ 32. Kxd2 Rd8+ (32... Kd7 $16) 33. Kc2 Be3 34. Ne4 b6 35. Re1 Bf4 36. Rd1 Rc8 37. Kb3 Rc6 38. Rd3 Bh2 39. h4 Bf4 40. g5 fxg5 41. hxg5 Bc1 42. Rd1 Be3 43. Rh1 Kf8 44. Rh3 (44. Nf6 $142 Bf4 45. Rh8+ Ke7 46. Re8+ Kd6 47. g6 fxg6 48. fxg6) 44... Bf4 45. Rh8+ Kg7 46. Re8 Rc7 47. Rb8 Be3 $2 (47... Rc6 48. Rb7 Kf8) 48. Kc2 Rd7 49. Re8 Bf4 50. Rc8 Bxg5 51. Nxg5 Kf6 52. Nf3 Kxf5 53. Rb8 Rd6 54. Nd2 Rc6 55. Kb3 ({Better is} 55. Rh8 $18) 55... Kf4 $1 56. Nc4 e4 57. Nxb6 e3 58. Nd5+ Ke4 59. c4 $18 Re6 60. Nc3+ Kf3 61. Rf8 Re7 62. c5 e2 63. Nxe2 Kxe2 64. Kc4 Rb7 65. c6 Rb4+ 66. Kd5 Kd3 67. c7 Rd4+ 68. Ke5 Re4+ 69. Kf5 1-0